 Dungeon Crawl Stone Soup version 0.17-a0-1667-g4ca74a1 (webtiles) character file.

1180 DogShitOnMyToe the Arsonist (level 8, -4/41 HPs)
             Began as a Deep Elf Fire Elementalist on Aug 17, 2015.
             Was a Believer of Sif Muna.
             Killed from afar by an orc wizard (6 damage)
             ... with a magic dart
             ... on level 6 of the Dungeon.
             The game lasted 00:20:23 (6312 turns).

DogShitOnMyToe the Arsonist (DEFE)                  Turns: 6312, Time: 00:20:23

Health: -4/41      AC:  3    Str: 10    XL:     8   Next: 19%
Magic:  1/14       EV: 13    Int: 23    God:    Sif Muna [**....]
Gold:   274        SH:  0    Dex: 15    Spells: 5 memorised, 2 levels left

rFire  . . .     SeeInvis .     F - +2 halberd (vamp)
rCold  . . .     Clarity  .     a - +0 robe
rNeg   . . .     SustAt   .     (no shield)
rPois  .         Gourm    .     (no helmet)
rElec  .         Spirit   .     v - +0 cloak
rCorr  .         Warding  .     (no gloves)
rMut   .         Stasis   .     (no boots)
MR     .....                    (no amulet)
Stlth  ++........               (no ring)
                                (no ring)

@: mighty, very slightly contaminated, not resistant to hostile enchantments,
unstealthy
A: no striking features
a: Channel Energy, Forget Spell, Renounce Religion


You were on level 6 of the Dungeon.
You worshipped Sif Muna.
Sif Muna was pleased with you.
You were hungry.

You visited 2 branches of the dungeon, and saw 8 of its levels.

You collected 274 gold pieces.

Inventory:

Hand weapons
 F - a +2 vampiric halberd (weapon)
Armour
 a - a +0 robe (worn)
 o - a +0 buckler
 v - a +0 cloak (worn)
Magical staves
 i - an uncursed staff of air
Scrolls
 d - 8 scrolls of identify
 e - a scroll of fog
 f - 2 scrolls of teleportation
 q - a scroll of enchant weapon
 r - a scroll of enchant armour {unknown}
 s - a scroll of noise {unknown}
 t - a scroll of immolation {unknown}
 w - a scroll of amnesia {unknown}
 B - a scroll of blinking {unknown}
 H - a scroll of fear {unknown}
Potions
 h - a potion of lignification {unknown}
 k - 3 potions of resistance
 l - a potion of brilliance {unknown}
 n - 2 potions of might
 x - a potion of degeneration {unknown}
 A - a potion of invisibility {unknown}
 C - 2 potions of magic {unknown}
 E - a potion of cure mutation {unknown}
 G - a potion of curing {unknown}
Books
 b - a book of Flames

   Spells                             Type                      Level
   a - Flame Tongue                   Conjuration/Fire             1
   b - Throw Flame                    Conjuration/Fire             2
   c - Conjure Flame                  Conjuration/Fire             3
   d - Inner Flame                    Hexes/Fire                   3
   e - Sticky Flame                   Conjuration/Fire             4
   f - Fireball                       Conjuration/Fire             5
 j - a book of Beasts

   Spells                             Type                      Level
   a - Summon Butterflies             Summoning                    1
   b - Call Canine Familiar           Summoning                    3
   c - Summon Ice Beast               Ice/Summoning                4
   d - Summon Mana Viper              Hexes/Summoning              5
   e - Summon Hydra                   Summoning                    7
 y - a book of Minor Magic

   Spells                             Type                      Level
   a - Magic Dart                     Conjuration                  1
   b - Blink                          Translocation                2
   c - Call Imp                       Summoning                    2
   d - Repel Missiles                 Charms/Air                   2
   e - Slow                           Hexes                        2
   f - Conjure Flame                  Conjuration/Fire             3
   g - Mephitic Cloud                 Conjuration/Poison/Air       3
Miscellaneous
 z - a plain deck of changes
Comestibles
 c - 5 bread rations
 g - a beef jerky
 m - 3 slices of pizza
 p - a royal jelly
 u - 5 fruits
 D - 3 meat rations


   Skills:
 - Level 2.4 Dodging
 - Level 2.4 Stealth
 - Level 3.0 Spellcasting
 - Level 1.1 Conjurations
 + Level 11.0 Fire Magic


You had 2 spell levels left.
You knew the following spells:

 Your Spells              Type           Power        Failure   Level  Hunger
a - Flame Tongue          Conj/Fire      ####.        1%          1    None
b - Conjure Flame         Conj/Fire      ####....     3%          3    ###....
c - Sticky Flame          Conj/Fire      ####....     12%         4    ####...
d - Summon Butterflies    Summ           #.......     14%         1    None
e - Blink                 Tloc           N/A          21%         2    ##.....


Dungeon Overview and Level Annotations

Branches:
Dungeon (7/15)             Temple (1/1) D:4

Altars:
Ashenzari
Cheibriados
Dithmenos
Elyvilon
Fedhas
Gozag
Nemelex Xobeh
Qazlal
Ru
Sif Muna
Trog
Vehumet
Xom
Zin


Message History

Press: ? - help, Dir - move target cursor, f/p - orc wizard
Aim: an orc wizard, wielding a dagger and wearing a robe (lightly wounded, fast)
Okay, then.
Casting: Conjure Flame
Confirm with . or Enter, or press ? or * to list all spells.
Aiming: Conjure Flame
Press: ? - help, Dir - move target cursor, p - orc wizard The fire roars!
The orc wizard miscasts a cantrip.
The orc wizard hits you with a dagger.
* * * LOW HITPOINT WARNING * * *
The orc wizard points at you and mumbles some strange words.
The magic dart hits you!
* * * LOW HITPOINT WARNING * * *
Drink which item? (? for menu, Esc to quit)
It was a potion of might.
You feel very mighty all of a sudden. The orc wizard casts a spell at you.
The magic dart hits you!
You die...

...##.######.....####.........##.
..........(.........'.........'..
...##.########...####.........##.
#.###.# ##..# ##.......###.
#####.##### ##.# ##.....## #.
#.........# #.# ##...## ##
#.###.###.# #.# ##'## #.###.# #.#
#.# #.# ......# #.# #@# #.#
..#######.# #o########.###
..........# #.##.........#
.########## #ยง##.#.......# .#
#..))........## .#
####.#.#......#### ##
#.#>###..#..... #.#.###....####
#.o..o.o..##


You could see an orc wizard.

Vanquished Creatures
  Menkaure (D:6)
  Edmund (D:5)
  An ice beast (D:5)
  2 sky beasts
  A phantom (D:6)
  A crimson imp (D:5)
  A centaur zombie (D:5)
  4 hounds
  An orc wizard (D:6)
  Natasha (thrice) (D:4)
  4 worker ants
  A hound skeleton (D:4)
  A hound zombie (D:5)
  2 worker ant zombies (D:5)
  6 gnolls (D:5)
  4 shadow imps
  2 adders
  An adder zombie (D:5)
  3 worms
  3 giant geckos
  15 orcs
  4 bats
  A giant cockroach (D:2)
  6 goblins
  4 hobgoblins
  7 kobolds
  2 quokkas
  A giant cockroach zombie (D:6)
  3 giant newts
  A jackal zombie (D:6)
  A quokka skeleton (D:4)
  7 rats
95 creatures vanquished.

Notes
Turn   | Place    | Note
--------------------------------------------------------------
     0 | D:1      | DogShitOnMyToe the Deep Elf Fire Elementalist began the quest for the Orb.
     0 | D:1      | Reached XP level 1. HP: 10/10 MP: 6/6
   236 | D:1      | Reached XP level 2. HP: 15/15 MP: 5/8
   264 | D:1      | Reached skill level 4 in Fire Magic
   936 | D:2      | Reached XP level 3. HP: 11/19 MP: 1/9
  1573 | D:2      | Found a sacrificial altar of Ru.
  1573 | D:2      | Found a shattered altar of Ashenzari.
  1577 | D:2      | Found a white marble altar of Elyvilon.
  1741 | D:3      | Found an opulent altar of Gozag.
  1850 | D:3      | Reached skill level 5 in Fire Magic
  1924 | D:3      | Reached XP level 4. HP: 8/24 MP: 0/10
  2230 | D:3      | Learned a level 3 spell: Conjure Flame
  2235 | D:3      | Learned a level 4 spell: Sticky Flame
  2402 | D:3      | Found a sparkling altar of Nemelex Xobeh.
  2605 | D:4      | Noticed Natasha
  2991 | D:4      | Found a staircase to the Ecumenical Temple.
  2994 | D:4      | Reached skill level 6 in Fire Magic
  3004 | Temple   | Entered the Ecumenical Temple
  3093 | Temple   | Became a worshipper of Sif Muna the Loreminder
  3227 | D:4      | Killed Natasha
  3227 | D:4      | Reached XP level 5. HP: 28/28 MP: 6/11
  3235 | D:4      | Noticed Natasha
  3238 | D:4      | Killed Natasha
  3501 | D:4      | Found a blossoming altar of Fedhas.
  3717 | D:4      | Found a bloodstained altar of Trog.
  3791 | D:5      | Entered Level 5 of the Dungeon
  4020 | D:5      | Noticed Edmund
  4034 | D:5      | Reached skill level 7 in Fire Magic
  4106 | D:4      | Noticed Natasha
  4109 | D:4      | Killed Natasha
  4218 | D:5      | Reached XP level 6. HP: 32/32 MP: 6/12
  4316 | D:5      | Found a glowing silver altar of Zin.
  4540 | D:5      | Acquired Sif Muna's first power
  4540 | D:5      | Reached skill level 8 in Fire Magic
  4646 | D:5      | Killed Edmund
  4646 | D:5      | Reached skill level 9 in Fire Magic
  4646 | D:5      | Reached XP level 7. HP: 36/36 MP: 1/13
  4831 | D:5      | Noticed an ice beast
  4837 | D:5      | Killed an ice beast
  5446 | D:6      | Noticed Menkaure
  5450 | D:6      | Killed Menkaure
  5450 | D:6      | Acquired Sif Muna's second power
  5450 | D:6      | Reached skill level 10 in Fire Magic
  5591 | D:6      | Reached XP level 8. HP: 34/41 MP: 0/14
  5715 | D:6      | Learned a level 1 spell: Summon Butterflies
  5718 | D:6      | Learned a level 2 spell: Blink
  5780 | D:6      | You fall through a shaft!
  6152 | D:6      | Reached skill level 11 in Fire Magic
  6311 | D:6      | HP: 2/41 [orc wizard/magic dart (5)]
  6312 | D:6      | Killed from afar by an orc wizard

Vault maps used:
D:1:      dpeg_arrival_boxorama
D:2:      minitemple, first_bread, kennysheep_decorative_pillar
D:3:      nicolae_gozag_seed_capital, nemelex_deck
D:4:      fedhas_altar_4, lightli_temple_of_fire, uniq_natasha
D:5:      lemuel_crystal_altar, uniq_edmund
D:6:      uniq_menkaure
D:7:      lemuel_round_altar
Temple:   circular_temple_6

Action                   |  1- 3 |  4- 6 |  7- 9 || total
-------------------------+-------+-------+-------++-------
Melee: Dagger            |       |     6 |       ||     6
       Halberd           |       |       |    93 ||    93
 Cast: Flame Tongue      |    67 |    91 |    62 ||   220
       Sticky Flame      |       |     4 |     2 ||     6
       Conjure Flame     |       |     5 |     6 ||    11
  Use: Scroll            |       |       |     5 ||     5
       Potion            |       |       |     1 ||     1
 Stab: Sleeping          |       |       |     1 ||     1
  Eat: Chunk             |     3 |     9 |     2 ||    14
       Bread ration      |       |       |     2 ||     2
